Unix xNetHack Version 7.1.0 - last build Jul 4 2022 02:09:00 (ec8469f2eb63cac24863ec985b09651f3a72bf9f). Game began 2022-07-10 16:25:08, ended 2022-07-11 11:40:40. Raisse, neutral female gnomish Wizard ----- |<..--- ------- ---------- |.....---- |(....| .. . .. --..|....| |.._..| -|---|--.- -.|-.......-- |.....| --- --- ..| ..|-.| | .........-- ---*--- +.------ |..----..---|-..--- .| ..........--- |.| |......---+-.....-|--........--|- .....|.....---- |.| |.----........--................| .............---.- |.- --.......-|..--------|--..-- ....-...........---- |.| |...{....|--|(........|..-- ..........|---|.| -.......| |((()=!!+)|...| ---...|..-|.|------....--- --------------- . |..---...|.--..| ..|....|------ .... ...|-....|.....| -...-|.(((| ...... ..-|..........-| --..~-.*((| ...{... ...|...G.......| |...-|..(*| ....... --.........--..|G ....|------ |.--)-- ....... --.......- ---- ....|--------...d.| G ..--- - -...--- ...--......|...SG.+e .....----...@....| ------ ---------- Raisse the Conjurer St:9 Dx:15 Co:11 In:19 Wi:12 Ch:10 Neutral Dlvl:7 $:166 HP:0(26) Pw:64(64) AC:6 Xp:5/263 T:3173 Latest messages: You see here a murky potion (for sale, 267 zorkmids). (For instructions type a '?') Call a murky potion: mukry 200 You see here a bubbly potion (for sale, 200 zorkmids). (For instructions type a '?') Call a bubbly potion: bibbly 150/200 You see here a spellbook of force bolt (for sale, 133 zorkmids). You see here 11 throwing stars (for sale, 99 zorkmids). You have an eerie feeling... You hear crashing rock. You hear crashing rock. You hear crashing rock. Something is written here in the dust. You read: "C?o??c ?o? ?n?en ???". You hear crashing rock. "Hello, Raisse! Welcome again to Eed-morra's hardware store!" You see here a tin opener (for sale, 40 zorkmids). You see here a looking glass (for sale, 13 zorkmids). You see here a whistle (for sale, 18 zorkmids). (For instructions type a '?') Call a whistle: pea You see here a lamp called cheap (for sale, 13 zorkmids). You see here a stone figurine of an iguana (for sale, 107 zorkmids). You stop. The dwarf is in the way! You stop. The dwarf is in the way! You see here 2 gray stones (for sale, 120 zorkmids). (For instructions type a '?') Call a gray stone: touch You see here a leash (for sale, 27 zorkmids). You see here a stone called touch (for sale, 80 zorkmids). You see here a leash (for sale, 27 zorkmids). What kinds of thing do you want to drop? [$)%!=[/? BUXai] ( Something is written here in the dust. You read: "(?o??c ?o? ?n?en ???". You hear Izchak cursing shoplifters. You swap places with the peaceful watchman. The snake bites! The dingo bites! The snake bites! You miss the dingo. The snake bites! The dingo bites! The snake bites! The dingo bites! You die... Do you want your possessions identified? [ynq] (y) y Do you want to see your attributes? [ynq] (y) y Do you want an account of creatures vanquished? [ynaq] (y) y Do you want to see your conduct and achievements? [ynq] (y) y Do you want to see the dungeon overview? [ynq] (y) y Major events: Turn 1: Raisse the neutral female gnomish Wizard entered the dungeon 855: attained the rank of Conjurer (level 3) 2544: entered the Gnomish Mines 2929: reached Mine Town 3173: killed by a dingo Inventory: Inventory: 366/550 weight (22/52 slots) Coins $ - 166 gold pieces {2} Weapons a - a blessed +1 quarterstaff (weapon in hands) {40} n - 4 uncursed +0 arrows {4} p - an uncursed +0 bone orcish dagger (at the ready) {3} s - 2 uncursed +0 daggers {20} t - an uncursed +0 elven dagger {10} Armor C - an uncursed +0 cloak of magic resistance (being worn) {8} G - an uncursed +0 pair of leather gloves (being worn) {8} H - an uncursed +1 orcish helm (being worn) {23} Comestibles e - 3 uncursed food rations {60} u - 2 uncursed lichen corpses {40} T - 2 uncursed tripe rations {20} Scrolls K - an uncursed scroll of charging {5} Potions h - an uncursed potion of paralysis {20} k - an uncursed potion of booze {20} l - an uncursed potion of acid {20} v - a blessed potion of speed {20} E - an uncursed potion of confusion {20} Rings w - an uncursed ring of protection from shape changers {3} D - an uncursed ring of cold resistance {3} F - an uncursed -1 ring of gain strength {3} Wands I - an uncursed wand of make invisible (0:7) {7} J - an uncursed wand of fire (0:8) {7} Raisse the Wizard's attributes: Background: You were a Conjurer, a level 5 female gnomish Wizard. You were neutral, on a mission for Thoth who was opposed by Ptah (lawful) and Anhur (chaotic). You were bisexual. You were in the Gnomish Mines, on level 7. You entered the dungeon 3173 turns ago. You had 263 experience points, 57 more were needed to attain level 6. Basics: You had 0 out of 26 hit points. You had all 64 energy points (spell power). Your armor class was 6. Your wallet contained 166 zorkmids. Autopickup was on for '$!?/"=+' plus thrown, with exceptions. Final Characteristics: Your strength was 9 (limit:18/50). Your dexterity was 15 (limit:18). Your constitution was 11 (limit:18). Your intelligence was 19 (limit:19). Your wisdom was 12 (limit:18). Your charisma was 10 (limit:18). Final Status: You were not hungry. You were unencumbered. You were wielding a quarterstaff. You had basic skill with quarterstaff. Final Attributes: You were piously aligned. You were magic-protected. You were telepathic. You had infravision. You were warded. You are dead. Miscellaneous: You encountered 1 bones level. Total elapsed playing time was 41 minutes and 15 seconds. Vanquished creatures: a small mimic an imp an orc shaman a rock piercer a yellow light a shrieker a gnome leader a straw golem a giant ant 3 floating eyes a kitten a dwarf a kobold leader a hill orc a centipede a giant bat a coyote a gas spore a hobbit 2 giant rats a yellow mold a gnome 3 garter snakes 5 jackals 2 foxes 2 goblins 3 sewer rats 2 grid bugs 9 lichens a kobold zombie 3 newts 55 creatures vanquished. No species were genocided or became extinct. Voluntary challenges: You were illiterate. You never genocided any monsters. You never polymorphed an object. You never changed form. You never touched an artifact. You used no wishes. You never scared an enemy with impunity. You were celibate. You never generated conflict. Achievements: You attained the rank of Conjurer. You entered a shop. You entered the Gnomish Mines. You entered Minetown. You entered a temple. The Dungeons of Doom: levels 1 to 5 Level 1: An altar, a fountain, a grave. Level 2: A fountain, a sink, a tree. Level 3: A fountain, a tree. Level 4: An armor shop, a tree. Stairs down to The Gnomish Mines. Level 5: The Gnomish Mines: levels 5 to 7 Level 5: Level 6: Level 7: <- You were here. Some shops, a temple, many fountains. Final resting place for you, killed by a dingo, Raisse-Wiz-Gno-Fem-Neu, killed by a dingo. Game over: __________ / \ / REST \ / IN \ / PEACE \ / \ | Raisse | | 166 Au | | killed by a | | dingo | | | | | | 2022 | *| * * * | * _________)/\\_//(\/(/\)/\//\/|_)_______ Goodbye Raisse the Wizard... You died in The Gnomish Mines on dungeon level 7 with 1502 points, and 166 pieces of gold, after 3173 moves. You were level 5 with a maximum of 26 hit points when you died.